Map: Stasis LE

Players

Odin - Winner!

  • Race: Protoss Protoss
  • League: Gold
  • Spawn Location: 1:00

keyser

  • Race: Terran Terran
  • League: Gold
  • Spawn Location: 11:00

VOD

Have the link to the VOD?

Description

Time

  • Played on: Dec. 7, 2018, 3:11 a.m.
  • Length: 17:30
Show
View Real Time Build Order
Export as new Build Order

Odin Protoss - Winner!

Build Orders:  

Get SALT Encoding   

  12  0:04  Probe  
  13  0:24  Probe  
  13  0:25  Pylon  
  14  0:46  Gateway  
  15  0:50  Probe  
  15  0:59  Probe  
  16  1:04  Assimilator  
  16  1:07  Probe  
  16  1:16  Probe  
  17  1:22  Gateway  
  18  1:28  Probe  
  19  1:40  Probe  
  19  1:46  Nexus  
  20  1:53  Probe  
  21  2:02  Assimilator  
  21  2:04  Probe  
  21  2:05  Cybernetics Core  
  22  2:12  Probe  
  23  2:25  Pylon  
  23  2:46  Warp Gate, Twilight Council  
  23  2:51  Adept  
  23  2:52  Adept  
  23  2:53  Probe  
  23  2:58  Probe  
  29  3:15  Probe x2  
  32  3:27  Probe x2  
  33  3:37  Pylon  
  33  3:39  Probe  
  34  3:44  Probe  
  34  3:45  Stalker x2  
  39  3:50  Pylon x2  
  37  4:01  Probe x2  
  37  4:12  Gateway  
  37  4:14  Gateway  
  37  4:17  Robotics Facility  
  37  4:20  Probe  
  38  4:29  Probe, Pylon  
  39  4:32  Probe  
  39  4:38  Dark Shrine  
  40  4:57  Stalker x2  
  44  5:08  Forge x2  
  44  5:15  Observer  
  45  5:28  Probe x2  
  47  5:31  Assimilator  
  47  5:33  Assimilator  
  47  5:40  Probe x2  
  49  5:49  Shadow Stride  
  49  5:50  Probe x2  
  51  5:58  Probe x2  
  51  6:00  Immortal  
  51  6:01  Charge  
  51  6:02  Zealot x4  
  64  6:30  Probe x2  
  66  6:37  Dark Templar x3  
  72  6:45  Probe x2  
  74  6:48  Protoss Ground Weapons Level 1  
  74  6:53  Photon Cannon  
  74  7:03  Stalker  
  74  7:06  Nexus  
  76  7:08  Assimilator  
  76  7:10  Assimilator  
  76  7:12  Pylon  
  76  7:36  Probe x2  
  72  7:44  Immortal  
  76  7:52  Robotics Facility  
  76  7:54  Gateway  
  76  7:57  Gateway  
  76  8:02  Pylon x2  
  76  8:12  Stalker x3  
  80  8:13  Stalker  
  80  8:17  Gateway  
  84  8:20  Gateway  
  84  8:21  Robotics Bay  
  84  8:43  Warp Prism  
  84  8:44  Observer  
  84  8:47  Stalker x4  
  95  8:56  Protoss Ground Weapons Level 2  
  95  8:58  Protoss Ground Armor Level 1  
  95  9:06  Templar Archives  
  95  9:21  Colossus  
  101  9:27  Zealot x4  
  101  9:28  Zealot x4  
  117  9:33  Pylon  
  117  9:35  Pylon  
  117  9:37  Psionic Storm  
  117  9:38  Pylon  
  117  9:54  Zealot x4  
  117  9:55  Zealot  
  127  10:05  Colossus  
  133  10:09  Extended Thermal Lance  
  133  10:20  Colossus  
  139  10:24  High Templar  
  141  10:30  Pylon  
  141  10:32  Pylon  
  141  10:41  Photon Cannon  
  141  10:42  Photon Cannon  
  141  10:43  Photon Cannon  
  141  10:44  Photon Cannon  
  141  10:45  Shield Battery x2  
  141  10:47  Shield Battery  
  141  10:49  Shield Battery  
  141  10:50  High Templar x3  
  147  11:09  Colossus  
  153  11:12  Zealot  
  155  11:24  Dark Templar  
  157  11:28  Nexus  
  157  11:30  Assimilator  
  157  11:34  Assimilator  
  157  11:35  Pylon  
  157  11:39  Pylon  
  157  11:46  Protoss Ground Weapons Level 3, Protoss Ground Armor Level 2  
  157  11:51  Protoss Air Weapons Level 1  
  157  11:53  Immortal  
  161  11:55  Pylon  
  161  11:56  Pylon  
  161  12:13  High Templar  
  161  12:14  High Templar x3  
  167  12:17  Zealot x4  
  179  12:30  Immortal  
  179  12:34  Blink  
  179  12:50  Probe x3  
  182  12:53  Probe  
  183  13:02  Probe x3  
  183  13:05  Probe  
  187  13:14  Probe x3  
  187  13:17  Probe  
  191  13:28  Immortal x2  
  199  13:47  Gateway  
  199  13:48  Gateway  
  199  13:50  Gateway  
  199  13:52  Gateway  
  199  13:55  Gateway  
  199  13:58  Gateway  
  199  14:02  Photon Cannon  
  199  14:03  Photon Cannon  
  199  14:04  Protoss Shields Level 1  
  68  15:00  Zealot x8  
  68  15:01  Zealot x2  
  88  15:09  Colossus x2  
  100  15:19  High Templar x3  
  100  15:20  High Templar  
  108  15:33  Stalker  
  108  15:34  Stalker x5  
  108  15:35  Stalker x2  
  124  15:46  Stargate x2  
  124  15:51  Stargate  
  124  15:52  Stargate  
  124  15:54  Gateway  
  124  15:55  Gateway x2  
  124  15:57  Zealot x6  
  126  15:58  Zealot x2  
  126  16:03  Gateway  
  140  16:08  Observer  
  141  16:12  Immortal  
  145  16:48  Warp Prism  
  145  16:53  Stalker x3  
  145  16:54  Stalker x7  
  157  16:55  Stalker  
  173  17:17  Archon x2  
Show
View Real Time Build Order
Export as new Build Order

keyser Terran 

Build Orders:  

Get SALT Encoding   

  12  0:01  SCV  
  13  0:16  Supply Depot  
  13  0:18  SCV  
  14  0:30  SCV  
  15  0:38  Barracks  
  16  0:45  Refinery  
  16  0:46  SCV  
  16  0:58  SCV  
  17  1:09  Supply Depot  
  17  1:10  SCV  
  18  1:22  SCV  
  19  1:30  Marine  
  20  1:38  Refinery  
  20  1:47  Factory  
  20  1:49  Orbital Command  
  20  2:04  Marine  
  21  2:26  Command Center  
  21  2:33  SCV  
  22  2:42  Marine  
  23  2:48  Starport  
  23  2:56  Factory Tech Lab  
  23  3:00  Marine  
  24  3:14  Cyclone  
  24  3:18  Marine  
  28  3:20  Supply Depot  
  28  3:21  SCV  
  29  3:33  Engineering Bay  
  29  3:36  Marine  
  31  3:48  SCV  
  30  4:03  Starport Tech Lab  
  30  4:04  Orbital Command  
  30  4:08  Missile Turret  
  30  4:14  Missile Turret  
  30  4:16  SCV  
  31  4:24  Barracks Tech Lab  
  31  4:28  SCV  
  31  4:30  Armory  
  32  4:35  Barracks  
  32  4:39  Barracks  
  32  4:50  Widow Mine  
  32  4:52  SCV  
  35  4:55  Raven  
  37  5:05  SCV  
  38  5:11  Widow Mine  
  38  5:12  Marine  
  41  5:22  SCV x2  
  41  5:24  Barracks Reactor  
  43  5:29  Marine  
  43  5:33  Siege Tank  
  43  5:34  Supply Depot  
  47  5:47  Marine  
  48  5:51  Barracks Tech Lab  
  48  5:53  Stimpack  
  48  6:00  SCV x2  
  48  6:03  Refinery  
  50  6:04  Thor  
  56  6:16  Combat Shield  
  56  6:28  Supply Depot  
  56  6:39  Marine x2  
  58  6:47  Siege Tank  
  58  6:50  Starport Reactor  
  58  6:52  Refinery  
  58  6:53  SCV  
  62  6:57  Marine x2  
  62  7:00  Terran Ship Weapons Level 1, Starport  
  64  7:03  Terran Infantry Weapons Level 1  
  64  7:05  SCV  
  65  7:12  SCV  
  65  7:15  Marine x2  
  68  7:18  SCV  
  68  7:20  Command Center  
  69  7:23  Supply Depot  
  69  7:24  SCV  
  70  7:35  Concussive Shells  
  70  7:44  Marine x2, Supply Depot, Starport Tech Lab  
  70  7:45  SCV  
  70  7:48  Starport Reactor  
  70  7:51  Viking x2  
  77  7:56  Marauder  
  77  7:57  Marauder  
  81  7:59  SCV  
  81  8:00  SCV  
  81  8:02  Marine x2  
  85  8:12  SCV  
  86  8:20  Marine x2  
  86  8:21  Viking x2  
  86  8:22  Supply Depot  
  86  8:24  Supply Depot  
  92  8:31  Siege Tank  
  92  8:34  Supply Depot  
  95  8:41  Marauder x2  
  99  8:43  Medivac  
  99  8:46  Medivac  
  103  8:49  SCV  
  104  8:56  Supply Depot  
  104  9:03  Orbital Command  
  104  9:05  Marine x2  
  104  9:09  Viking  
  108  9:13  Medivac  
  108  9:16  Medivac  
  112  9:25  Siege Tank  
  112  9:28  Marine  
  112  9:30  SCV  
  117  9:31  Marine  
  118  9:45  Viking x2  
  122  9:47  Medivac  
  124  9:53  Medivac  
  124  9:57  Siege Tank  
  129  10:03  Ghost Academy  
  129  10:14  Terran Infantry Weapons Level 2  
  129  10:16  Orbital Command  
  129  10:42  SCV x3  
  132  10:54  SCV x2  
  132  10:55  SCV  
  135  11:06  SCV x2  
  135  11:07  SCV  
  135  11:11  Supply Depot x2  
  138  11:13  Marine, Refinery  
  138  11:14  Refinery, Supply Depot  
  138  11:15  Supply Depot  
  138  11:17  Marine  
  140  11:19  Personal Cloaking  
  140  11:31  Marine  
  140  11:32  Ghost x2  
  145  11:35  Marine  
  145  11:38  Sensor Tower  
  146  11:48  Marine  
  146  11:53  Marine  
  148  11:57  SCV  
  148  12:00  Ghost x2  
  151  12:06  Marine  
  151  12:10  Marine, SCV  
  153  12:22  SCV  
  154  12:29  Marine x2  
  156  12:47  Marine x2  
  156  12:48  Marine x2  
  160  12:51  Viking x2  
  160  12:52  Viking  
  160  12:53  Medivac  
  160  12:56  SCV  
  160  12:57  SCV  
  170  13:00  Missile Turret  
  170  13:04  Ghost  
  172  13:06  Marine  
  172  13:12  Marine, Ghost  
  173  13:13  Supply Depot  
  173  13:15  Supply Depot  
  173  13:17  Terran Infantry Weapons Level 3  
  173  13:18  Terran Ship Weapons Level 2  
  176  13:21  Medivac x2  
  176  13:23  Marine  
  181  13:34  Marine, Ghost  
  181  13:38  Supply Depot  
  181  13:39  Supply Depot  
  181  13:41  Marine x2  
  186  13:52  Marine  
  186  13:53  SCV  
  186  13:54  SCV x2  
  190  13:59  Marauder  
  190  14:02  Armory, Supply Depot  
  192  14:03  Marauder  
  192  14:04  Armory, Engineering Bay  
  192  14:05  SCV  
  192  14:06  SCV x2  
  147  14:17  SCV  
  147  14:21  Marauder  
  125  14:24  Marine  
  125  14:29  SCV  
  98  15:08  Marine x2, Marauder  
  98  15:09  Marauder  
  104  15:25  Marine, Siege Tank  
  104  15:26  Marine  
  109  15:30  Marauder x2, Command Center  
  113  15:37  Barracks  
  113  15:38  Barracks x2  
  113  15:39  Barracks  
  113  15:43  Marine  
  113  15:44  Marine  
  115  15:51  Marine, Marauder  
  118  15:57  Siege Tank  
  118  15:58  Fusion Core  
  118  16:01  Marine, Sensor Tower  
  118  16:02  Marine  
  123  16:09  Marauder  
  125  16:12  Marine  
  125  16:13  Command Center  
  125  16:18  Refinery x2  
  126  16:29  Siege Tank  
  126  16:30  Marine x2  
Tags
 
League
GoldGold
Matchup
PvT
Spawn Locations
Close Positions
Add a new tag
Caveats
  • Supply blocks, unpowered buildings, or Contaminate may cause inaccurate times.
  • Supply counts are checked every 10 seconds.